 Dungeon Crawl Stone Soup version 0.30.1-9-gdf580d7c3d (webtiles) character file.

Game seed: 2864332786889925614

107 Ivernyr the Trooper (level 5, -3/42 HPs)
             Began as a Formicid Fighter on Sept 28, 2023.
             Was an Initiate of Wu Jian.
             Slain by a gnoll
             ... wielding a +0 spear
             ... led by a gnoll bouda
              (5 damage)
             ... on level 3 of the Dungeon.
             The game lasted 00:02:19 (1151 turns).

Ivernyr the Trooper (Formicid Fighter)              Turns: 1151, Time: 00:02:20

Health: -3/42      AC:  7    Str: 22    XL:     5   Next: 10%
Magic:  5/5        EV:  5    Int:  8    God:    Wu Jian [......]
Gold:   105        SH:  0    Dex: 13    Spells: 4/4 levels left

rFire   . . .        a - +0 flail
rCold   . . .        c - +0 buckler
rNeg    . . .        b - +0 scale mail
rPois   .            (helmet unavailable)
rElec   .            (no cloak)
rCorr   .            (no gloves)
SInv    +            (no boots)
Will    .....        (no amulet) Stlth
                     (no ring)
HPRegen 0.27/turn    (no ring)
MPRegen 0.09/turn

%: no passive effects
@: held
A: permanent stasis, dig shafts and tunnels, antennae 3, four strong arms
a: Dig, Shaft Self, Renounce Religion


You were on level 3 of the Dungeon.
You worshipped Wu Jian.
Wu Jian was noncommittal.
You visited 2 branches of the dungeon, and saw 5 of its levels.

You collected 105 gold pieces.

Inventory:

Hand Weapons
 a - a +0 flail (weapon)
Armour
 b - a +0 scale mail (worn)
 c - a +0 buckler (worn)
Wands
 o - a wand of mindburst (5)
Scrolls
 e - a scroll of amnesia {unknown}
 j - 2 scrolls of enchant armour {unknown}
 k - a scroll of vulnerability {unknown}
 l - a scroll of summoning {unknown}
 m - 3 scrolls of teleportation {unknown}
 p - a scroll of identify {unknown}
Potions
 d - 2 potions of might
 f - a potion of degeneration {unknown}
 g - a potion of attraction {unknown}
 h - a potion of resistance {unknown}
 i - 2 potions of brilliance {unknown}
 n - a potion of curing {unknown}
 q - a potion of lignification {unknown}


   Skills:
 + Level 4.3 Fighting
 + Level 3.2 Maces & Flails
 + Level 4.3 Armour
 - Level 4.0 Shields


You had 4 spell levels left.
You didn't know any spells.
Your spell library contained the following spells:

 Spells                   Type           Power      Damage    Failure   Level
 Hailstorm                Conj/Ice       0%         3d3       99%         3
 Ice Form                 Ice/Tmut       0%         N/A       100%        4
 Simulacrum               Ice/Necr       0%         N/A       100%        6


Dungeon Overview and Level Annotations

Branches:
Dungeon (4/15)             Temple (1/1) D:4

Altars:
Dithmenos
Fedhas
Gozag
Okawaru
Qazlal
Sif Muna
Vehumet
Wu Jian

Annotations:
D:4 3 runed translucent doors


Innate Abilities, Weirdness & Mutations

You cannot be hasted, slowed, berserked, paralysed or teleported.
You can dig through walls and to a lower floor.
You have a pair of large antennae on your head. (SInv)
Your four strong arms can wield two-handed weapons with a shield.


Message History

The gnoll hits you but does no damage.
You completely miss the gnoll bouda. You block the gnoll bouda's attack.
You block the gnoll's attack.
You hit the gnoll bouda.
The gnoll bouda is lightly wounded.
The gnoll bouda barely misses you.
A gnoll comes into view. It is wielding a +1 flail of venom.
The gnoll hits you but does no damage.
The gnoll bouda barks out a call to the hunt!
The gnoll picks up the pace!
The gnoll shouts!
You hit the gnoll bouda.
The gnoll bouda is moderately wounded.
The gnoll hits you from afar with a +0 spear.
The gnoll bouda barely misses you.
You hit the gnoll bouda but do no damage.
The gnoll bouda is moderately wounded.
The gnoll hits you from afar with a +0 spear.
The gnoll bouda barely misses you.
The gnoll hits you from afar with a +0 spear.
* * * LOW HITPOINT WARNING * * *
You closely miss the gnoll bouda.
The gnoll bouda is moderately wounded.
The gnoll bouda hits you with a +0 club.
* * * LOW HITPOINT WARNING * * *
The gnoll hits you from afar with a +0 spear.
* * * LOW HITPOINT WARNING * * *
You sock the gnoll bouda!
The gnoll bouda is severely wounded.
The gnoll bouda barely misses you. You block the gnoll's attack.
The gnoll bouda misses you.
You hit the gnoll bouda.
You kill the gnoll bouda!
The Council accepts your kill.
The gnoll throws a throwing net.
The throwing net hits you.
You become entangled in the net!
You have reached level 5!
You struggle against the net.
The gnoll hits you from afar with a +0 spear.
You die...

#..# #.# #.##
... #.# #.# {
#.# #.# #.#
#.#######.#
#....@)ggg#
#########g....:.
#.......
########


You could see 4 gnolls.

Vanquished Creatures
  A centaur skeleton (D:3)
  A gnoll bouda (D:3)
  A hound skeleton (D:3)
  An adder (D:3)
  An adder zombie (D:3)
  A worm (D:3)
  2 dart slugs (D:3)
  2 endoplasms
  3 goblins
  2 hobgoblins (D:1)
  2 quokkas
  A ball python (D:3)
  A ball python skeleton (D:3)
  A bat (D:3)
  A frilled lizard (D:3)
  2 kobolds
  3 rats
26 creatures vanquished.

Notes
Turn   | Place    | Note
-------+----------+-------------------------------------------
     0 | D:1      | Ivernyr the Formicid Fighter began the quest for the Orb.
     0 | D:1      | Reached XP level 1. HP: 18/18 MP: 1/1
   368 | D:1      | Reached XP level 2. HP: 24/24 MP: 2/2
   741 | D:2      | You fall into a shaft and drop 2 floors!
   741 | D:4      | Found a staircase to the Ecumenical Temple.
   747 | Temple   | Entered the Ecumenical Temple
   775 | Temple   | Became a worshipper of the Wu Jian Council
   811 | D:4      | Found a runed translucent gate.
   811 | D:4      | Found a runed translucent gate.
   811 | D:4      | Found a runed translucent gate.
   821 | D:3      | Reached XP level 3. HP: 23/30 MP: 3/3
   954 | D:3      | Reached XP level 4. HP: 35/37 MP: 4/4
  1038 | D:3      | Found an opulent altar of Gozag.
  1148 | D:3      | HP: 1/37 [gnoll/+0 spear[a gnoll bouda] (5)]
  1151 | D:3      | Reached XP level 5. HP: 2/42 MP: 5/5
  1151 | D:3      | Slain by a gnoll

Illustrated notes

Levels and vault maps discovered:
D:1:      minmay_arrival_four_houses, layout_loops_cross
D:2:      layout_loops_ring, serial_shops, shop,
          hellmonk_ecumenical_altar_leap_of_faith, dreamdust_princess_corridor,
          uniq_robin
D:3:      layout_loops_ring, grunt_gozag_breadcrumbs, serial_undead,
          serial_undead_d, serial_undead_f, serial_undead_b, serial_undead_b,
          kennysheep_generic_room_4
D:4:      layout_loops_corners, mainiacjoe_overflow_boulevard, temple_fountains,
          biasface_ghost_orc_armoury
Temple:   hellmonk_temple_of_storms

Skill      XL: |  1  2  3  4 |
---------------+-------------+-----
Armour         | 4 |  4.3
Fighting       | 4 |  4.3
Maces & Flails | 3 |  3.2
Shields        | |  4.0

Action                     |  1- 3 |  4- 6 || total
---------------------------+-------+-------++-------
  Melee: Flail             |    35 |    44 ||    79
Ability: Lunge             |     4 |     2 ||     6
 Armour: Scale mail        |    15 |    17 ||    32
  Dodge: Dodged            |    15 |    24 ||    39
  Block: Buckler           |     8 |    14 ||    22
